 Dungeon Crawl Stone Soup version 0.23.2-1-ga50397a (webtiles) character file.

Game seed: 2941016387212684709

48 diana the Insei (level 3, -2/29 HPs)
             Began as a Demigod Transmuter on May 2, 2019.
             Slain by a goblin (4 damage)
             ... led by Robin
             ... on level 2 of the Dungeon.
             The game lasted 00:01:52 (1398 turns).

diana the Insei (Demigod Transmuter)                Turns: 1398, Time: 00:01:54

Health: -2/29      AC:  2    Str: 10 (13) XL:     3   Next: 30%
Magic:  8/8        EV: 12    Int: 17 (19) God:
Gold:   104        SH:  0    Dex: 13 (16) Spells: 4/5 levels left

rFire    . . .     SeeInvis .     - Unarmed
rCold    . . .     Gourm    .   (no shield)
rNeg     . . .     Faith    .   b - +0 robe
rPois    .         Spirit   .   (no helmet)
rElec    .         Reflect  .   (no cloak)
rCorr    .         Harm     .   (no gloves)
MR       .....                  (no boots)
Stlth    +.........             (no amulet)
HPRegen  0.09/turn              (no ring)
MPRegen  0.11/turn              (no ring)

@: no status effects
A: high mp 1
a: no special abilities


You were on level 2 of the Dungeon.
You were not hungry.

You visited 1 branch of the dungeon, and saw 2 of its levels.

You collected 104 gold pieces.

Inventory:

Missiles
 a - 28 arrows
Armour
 b - a +0 robe (worn)
Scrolls
 h - a scroll of immolation {unknown}
 i - 3 scrolls of identify {unknown}
 j - 3 scrolls of blinking {unknown}
 k - a scroll of teleportation {unknown}
 l - a scroll of enchant weapon {unknown}
Potions
 c - a potion of might
 e - a potion of degeneration
 f - a potion of heal wounds {unknown}
 g - a potion of magic {unknown}
 n - a potion of lignification {unknown}
Comestibles
 d - 5 rations


   Skills:
 + Level 2.2 Fighting
 - Level 1.7 Dodging
 + Level 3.5 Unarmed Combat
 - Level 1.7 Spellcasting
 - Level 1.7 Transmutations


You had 4 spell levels left.
You knew the following spells:

 Your Spells              Type           Power        Failure   Level  Hunger
a - Beastly Appendage     Tmut           #.....       10%         1    #......

Your spell library contained the following spells:

 Spells                   Type           Power        Failure   Level  Hunger
 Sticks to Snakes         Tmut           #.......     14%         2    ###....
 Spider Form              Tmut/Pois      #.........   38%         3    ###....
 Ice Form                 Ice/Tmut       #.......     80%         4    #####..
 Blade Hands              Tmut           #.........   95%         5    ######.


Dungeon Overview and Level Annotations

Branches:
Dungeon (2/15)

Annotations:
D:2 Robin


Innate Abilities, Weirdness & Mutations

You have an increased reservoir of magic. (+10% MP)


Message History

You kill the goblin!
The goblin barely misses you. Robin throws the goblin at you!
* * * LOW HITPOINT WARNING * * *
The goblin barely misses you. The goblin hits you but does no damage.
Robin roars a battlecry!
The goblin goes into a battle-frenzy!
Robin throws the goblin at you!
* * * LOW HITPOINT WARNING * * *
The goblin barely misses you.
Robin's bangles clink loudly.
The goblin hits you.
* * * LOW HITPOINT WARNING * * *
The goblin no longer looks unusually strong.
It was a potion of degeneration.
There was something very wrong with that liquid.
You feel weakened.
You feel dopey.
You feel clumsy. Robin throws the goblin at you!
* * * LOW HITPOINT WARNING * * *
The goblin hits you but does no damage. The goblin hits you.
You die...

...........###.##...##..#.....##.
...........# #.##.#............#.
...........# #.##.....#..........
...........# #.##.##.##.....)....
..........## #....##.##..........
...#.....## ##...##.##..........
.####.#### #....#.##.......(.. .#
#<# #g.#.#..##..)....#. . #.#
##.@#....#(......... . #.#
##.g#####.#..(.......
#.#######...# #..)...).....
..............### #.#..........
..r..######.g...# #..(........(
..... ##..##.....###.........
.....# #.r.# ####....#..(.....
.....####...# ####..[...#...
......##...### ###..#...#.


You could see Robin, 2 goblins and a rat.

Vanquished Creatures
  A dart slug (D:2)
  A leopard gecko (D:1)
  A ball python (D:2)
  2 giant cockroaches (D:2)
  9 jackals
  6 kobolds
  5 bats
  4 frilled lizards
  10 goblins
  2 rats
41 creatures vanquished.

Notes
Turn   | Place    | Note
-------+----------+-------------------------------------------
     0 | D:1      | diana the Demigod Transmuter began the quest for the Orb.
     0 | D:1      | Reached XP level 1. HP: 15/15 MP: 5/5
    88 | D:1      | Reached skill level 1 in Fighting
   203 | D:1      | Reached skill level 3 in Unarmed Combat
   298 | D:1      | Reached XP level 2. HP: 16/23 MP: 7/7
   643 | D:2      | Found an iron altar of Okawaru.
   922 | D:2      | Reached XP level 3. HP: 16/29 MP: 6/8
  1374 | D:2      | Noticed Robin
  1398 | D:2      | Slain by a goblin

Skill      XL: |  1  2 |
---------------+-------+-----
Fighting       | 1 2 |  2.2
Unarmed Combat | 3 |  3.5
Dodging        | |  1.7
Spellcasting   | |  1.7
Transmutations | |  1.7

Action                   || total
-------------------------++-------
Melee: Unarmed           ||   125
       Kick              ||     4
       Punch             ||     4
       Headbutt          ||     2
 Cast: Beastly Appendage ||     3
  Use: Potion            ||     1
  Eat: Chunk             ||     2
Armor: Robe              ||    24
Dodge: Dodged            ||    99
